Map: Línea Aguablanca EE

Players

BeesNSkis

  • Race: Zerg Zerg
  • Spawn Location: 1:00

stinkNtink

  • Race: Protoss Protoss
  • Spawn Location: 12:00

Dawgman

  • Race: Terran Terran
  • League: Silver
  • Spawn Location: 1:00

MrFercho

  • Race: Zerg Zerg
  • League: Silver
  • Spawn Location: 7:00

tigro

  • Race: Terran Terran
  • League: Bronze
  • Spawn Location: 6:00

TATORREA

  • Race: Protoss Protoss
  • League: Silver
  • Spawn Location: 7:00

VOD

Have the link to the VOD?

Description

Time

  • Played on: June 19, 2020, 9:26 p.m.
  • Length: 22:08
Show
View Real Time Build Order
Export as new Build Order

BeesNSkis Zerg 

Build Orders: Pool First 

Get SALT Encoding   

  12  0:03  Drone  
  13  0:11  Drone  
  14  0:18  Overlord  
  14  0:36  Spawning Pool  
  14  0:39  Drone  
  14  0:41  Drone  
  15  0:59  Drone  
  15  1:00  Drone  
  17  1:14  Drone x2  
  19  1:24  Queen  
  21  1:26  Overlord  
  21  1:50  Hatchery  
  20  1:54  Drone  
  20  1:55  Drone x2  
  23  2:08  Extractor  
  23  2:11  Extractor  
  21  2:18  Hatchery  
  21  2:22  Overlord  
  20  2:33  Drone x2  
  22  2:53  Drone x2  
  22  2:54  Drone x2  
  26  3:12  Drone x4  
  30  3:14  Drone x2  
  30  3:15  Queen  
  34  3:23  Lair  
  34  3:30  Spore Crawler  
  33  3:36  Drone  
  33  3:37  Drone  
  33  3:40  Drone x2  
  37  3:47  Zergling x4  
  39  4:08  Drone x2  
  39  4:09  Queen  
  43  4:11  Drone x3  
  46  4:18  Drone x3  
  46  4:23  Extractor  
  48  4:28  Infestation Pit  
  47  4:32  Evolution Chamber  
  46  4:41  Spine Crawler  
  46  4:42  Spine Crawler  
  44  4:47  Spore Crawler  
  43  5:10  Zergling x8  
  43  5:11  Zergling x2  
  48  5:26  Metabolic Boost  
  48  5:28  Hive  
  48  5:31  Drone x2  
  50  5:43  Overlord x3  
  49  6:49  Hydralisk Den  
  49  6:50  Drone x3  
  49  6:51  Drone x2  
  53  6:55  Queen  
  53  6:57  Hatchery  
  53  6:59  Drone  
  53  7:00  Drone x3  
  53  7:01  Extractor  
  57  7:04  Drone x3  
  57  7:05  Drone x6  
  66  7:27  Adrenal Glands  
  66  7:33  Evolution Chamber  
  66  7:34  Drone x2  
  66  7:36  Overlord x4  
  67  7:37  Evolution Chamber  
  67  7:38  Overlord x3  
  67  7:39  Overlord  
  67  7:41  Drone x5  
  71  7:44  Extractor  
  71  7:45  Extractor  
  69  8:02  Zergling x4  
  71  8:14  Hatchery  
  71  8:18  Drone x2  
  71  8:19  Drone  
  73  8:30  Hydralisk x7  
  73  8:33  Grooved Spines  
  87  8:35  Zerg Missile Weapons Level 1  
  87  8:36  Zerg Ground Armor Level 1  
  87  8:38  Zerg Melee Weapons Level 1  
  87  8:42  Hydralisk x7  
  101  8:49  Spine Crawler  
  101  8:53  Spore Crawler  
  99  9:18  Drone x8  
  99  9:19  Drone  
  107  9:34  Zergling x2  
  106  9:45  Muscular Augments  
  106  10:01  Drone  
  106  10:02  Drone x2  
  106  10:03  Queen  
  110  10:41  Zergling x2  
  110  10:42  Zergling x22  
  122  10:45  Overlord x4  
  122  10:46  Hydralisk x3  
  127  10:52  Zerg Melee Weapons Level 2, Ultralisk Cavern  
  127  10:53  Zerg Missile Weapons Level 2  
  127  10:54  Zerg Ground Armor Level 2  
  126  11:06  Drone x3  
  126  11:08  Extractor  
  126  11:10  Extractor  
  127  11:14  Overseer x4  
  127  11:17  Zergling x6  
  125  12:20  Hydralisk  
  125  12:21  Hydralisk x15  
  123  12:43  Ultralisk x3  
  139  12:47  Ultralisk  
  139  12:48  Ultralisk x4  
  145  13:21  Zergling x8  
  145  13:22  Zergling x4  
  143  13:55  Overlord x2  
  143  13:56  Overlord x3  
  143  14:07  Hatchery  
  142  14:54  Zergling x10  
  148  15:14  Zergling x14  
  148  15:15  Zergling x10  
  148  15:17  Zergling x4  
  92  16:04  Zergling x2  
  92  16:05  Zergling x10  
  92  16:08  Ultralisk x3  
  97  16:14  Drone x3  
  100  16:26  Drone x3  
  103  16:50  Zergling x20  
  113  17:07  Extractor  
  112  17:10  Extractor  
  111  17:22  Zerg Missile Weapons Level 3  
  111  17:24  Zerg Ground Armor Level 3  
  111  17:30  Chitinous Plating  
  111  17:44  Zergling x24  
  112  17:49  Overseer x5  
  106  18:44  Zergling x2  
  106  18:45  Zergling x10  
  84  19:07  Hatchery  
  76  19:18  Hydralisk x10  
  82  19:32  Hydralisk  
  78  19:51  Hydralisk  
  78  19:52  Hydralisk x8  
  96  20:07  Hatchery  
  95  20:30  Hydralisk x6  
  107  21:09  Hydralisk x3  
  107  21:11  Hydralisk x3  
  113  21:15  Hydralisk  
  113  21:16  Hydralisk x5  
  117  22:01  Hatchery  
Show
View Real Time Build Order
Export as new Build Order

stinkNtink Protoss 

Build Orders: 1 Gate Expand 

Get SALT Encoding   

  12  0:08  Probe  
  13  0:32  Probe  
  13  0:33  Pylon  
  13  0:40  Probe  
  15  0:53  Gateway  
  15  1:14  Probe  
  16  1:18  Nexus  
  16  1:24  Pylon  
  16  1:40  Zealot  
  16  1:50  Cybernetics Core  
  18  2:05  Pylon  
  18  2:06  Probe  
  18  2:09  Assimilator  
  18  2:14  Probe  
  20  2:24  Probe  
  21  2:30  Pylon  
  21  2:42  Assimilator  
  21  2:52  Probe x2  
  23  3:16  Robotics Facility  
  23  3:21  Stalker, Forge  
  25  3:30  Probe x2  
  27  3:42  Gateway  
  27  3:51  Probe x2  
  29  3:59  Warp Gate  
  29  4:08  Photon Cannon  
  29  4:12  Photon Cannon  
  29  4:13  Observer  
  30  4:18  Probe x2  
  32  4:30  Probe x2  
  34  4:35  Zealot  
  34  4:38  Zealot  
  38  4:51  Twilight Council  
  38  4:52  Robotics Bay  
  38  4:53  Probe x2  
  40  5:05  Probe x2  
  42  5:07  Pylon  
  42  5:18  Charge  
  42  5:25  Zealot x2  
  46  5:38  Photon Cannon  
  46  5:42  Photon Cannon  
  46  5:43  Probe  
  46  5:44  Probe  
  48  5:52  Zealot  
  48  5:56  Probe x2  
  52  6:08  Probe x2  
  54  6:13  Colossus  
  60  6:22  Stargate  
  60  6:31  Zealot  
  60  6:32  Zealot  
  64  6:33  Probe x2  
  64  6:37  Assimilator  
  66  6:42  Assimilator  
  66  6:45  Probe x2  
  68  7:01  Gateway  
  68  7:07  Robotics Facility  
  68  7:22  Zealot  
  70  7:42  Pylon  
  70  7:45  Pylon  
  70  7:50  Pylon  
  70  7:53  Pylon  
  70  7:56  Pylon  
  70  8:00  Void Ray, Probe x2  
  70  8:02  Colossus  
  70  8:03  Protoss Ground Weapons Level 1  
  82  8:07  Colossus  
  82  8:09  Zealot x2  
  82  8:10  Zealot  
  82  8:12  Probe x2  
  96  8:13  Extended Thermal Lance  
  96  8:21  Protoss Air Weapons Level 1  
  96  8:41  Probe x2  
  96  8:46  Zealot x2  
  96  8:47  Zealot  
  104  8:53  Probe  
  105  9:19  Pylon  
  105  9:22  Pylon  
  105  9:25  Pylon  
  105  9:36  Colossus x2  
  117  9:45  Nexus  
  111  10:02  Protoss Ground Armor Level 1, Pylon  
  111  10:05  Pylon  
  111  10:08  Probe x2  
  111  10:10  Assimilator  
  113  10:20  Probe x2  
  115  10:22  Zealot x2  
  115  10:26  Void Ray  
  123  10:30  Colossus x2  
  135  11:01  Assimilator  
  135  11:03  Protoss Air Armor Level 1  
  135  11:04  Probe x2  
  137  11:06  Probe  
  137  11:09  Void Ray  
  142  11:12  Zealot  
  142  11:13  Zealot x2  
  148  11:21  Gateway  
  148  11:23  Gateway  
  148  11:25  Stargate  
  148  11:29  Colossus  
  154  11:46  Zealot  
  156  11:47  Zealot x2  
  160  12:00  Stargate  
  160  12:02  Stargate  
  160  12:10  Protoss Ground Weapons Level 2  
  150  12:40  Zealot  
  150  12:41  Zealot x2  
  156  12:46  Colossus  
  162  13:15  Zealot  
  164  13:24  Void Ray  
  164  13:25  Void Ray  
  164  13:26  Colossus, Void Ray, Pylon  
  158  13:29  Pylon  
  140  13:34  Pylon  
  140  13:36  Pylon  
  136  13:49  Stalker x3  
  142  14:05  Fleet Beacon  
  142  14:17  Void Ray  
  142  14:18  Void Ray x3  
  158  14:27  Zealot x2  
  162  14:40  Probe x3  
  162  14:44  Protoss Ground Armor Level 2  
  165  15:00  Void Ray x2  
  165  15:01  Void Ray  
  69  16:27  Zealot x2  
  69  16:29  Void Ray x2, Tempest x2  
  91  16:33  Zealot  
  91  16:34  Colossus x2  
  97  16:50  Zealot  
  97  16:51  Stalker  
  97  16:52  Stalker x2  
  97  16:53  Stalker  
  107  17:11  Void Ray  
  107  17:12  Void Ray x2, Tempest  
  124  17:18  Protoss Ground Weapons Level 3  
  124  17:20  Stalker x2  
  128  17:24  Stalker  
  128  17:25  Stalker x2  
  128  17:27  Colossus  
  125  18:54  Void Ray x2, Tempest x2  
  139  18:58  Stalker x3  
  139  18:59  Stalker x2  
  111  19:37  Void Ray x2  
  119  19:45  Nexus  
  89  20:19  Pylon  
  89  20:22  Stalker, Pylon  
  89  20:23  Zealot  
  89  20:24  Zealot x2  
  89  20:25  Zealot  
  99  20:34  Assimilator  
  99  20:48  Assimilator  
  99  20:59  Zealot x2  
  99  21:00  Zealot x3  
  109  21:18  Void Ray, Tempest  
  83  21:59  Stalker x3  
  83  22:00  Stalker x2  
Show
View Real Time Build Order
Export as new Build Order

Dawgman Terran 

Build Orders:  

Get SALT Encoding   

  12  0:01  SCV  
  13  0:17  Supply Depot, SCV  
  14  0:29  SCV  
  14  0:32  Refinery  
  15  0:45  Barracks  
  15  0:46  SCV  
  16  0:58  SCV  
  17  1:15  SCV  
  18  1:41  Factory  
  18  1:49  Command Center  
  18  2:00  Barracks Reactor, Refinery  
  18  2:04  Orbital Command  
  18  2:17  Supply Depot  
  18  2:33  Starport  
  18  2:35  SCV  
  19  2:40  Factory Tech Lab  
  19  2:47  SCV  
  20  3:06  Orbital Command  
  20  3:09  SCV  
  21  3:21  SCV  
  21  3:24  Siege Tank  
  25  3:33  Viking  
  27  3:45  SCV  
  27  3:48  Viking  
  30  3:50  SCV  
  31  3:57  SCV  
  31  4:02  SCV  
  33  4:06  Engineering Bay  
  33  4:10  Siege Tank  
  33  4:12  Armory  
  36  4:19  SCV  
  36  4:20  SCV  
  38  4:25  Supply Depot  
  38  4:28  Viking  
  38  4:29  Refinery  
  40  4:31  SCV  
  40  4:32  SCV  
  42  4:43  Viking  
  44  4:53  SCV x2  
  46  5:01  Supply Depot  
  46  5:02  Siege Tank  
  46  5:05  SCV x2  
  51  5:24  SCV x2  
  51  5:26  Viking x2  
  57  5:36  SCV x2  
  59  5:48  SCV x2  
  57  6:14  Viking x2  
  61  6:20  Supply Depot  
  61  6:24  Supply Depot  
  61  6:33  Refinery  
  61  6:41  Thor  
  67  6:49  Command Center  
  67  6:52  SCV  
  67  6:53  SCV  
  69  6:57  Supply Depot  
  69  7:03  Supply Depot, Terran Vehicle And Ship Armor Level 1  
  69  7:04  SCV  
  70  7:31  Thor  
  70  7:33  Viking x2  
  80  7:42  SCV x2  
  82  7:47  Supply Depot  
  82  7:54  Supply Depot, SCV  
  82  7:55  Factory  
  83  8:02  Factory  
  73  8:59  Factory Tech Lab x2  
  73  9:03  Terran Vehicle And Ship Armor Level 2  
  73  9:16  Orbital Command  
  73  9:19  SCV  
  73  9:20  SCV  
  73  9:23  Thor, Refinery, Siege Tank x2  
  87  9:24  Viking, Refinery  
  87  9:25  Viking  
  91  9:31  SCV  
  91  9:32  SCV  
  93  10:19  Factory  
  93  10:20  Factory  
  93  10:21  Starport  
  93  10:22  Command Center  
  93  10:26  Starport  
  93  10:31  Sensor Tower  
  93  10:36  Sensor Tower  
  93  10:42  SCV  
  94  10:43  SCV  
  95  10:52  Sensor Tower, Thor  
  95  10:53  Siege Tank  
  104  10:57  Viking  
  106  11:13  Factory Tech Lab  
  106  11:14  Starport Reactor, Factory Tech Lab  
  106  11:15  Starport Reactor  
  64  12:21  Thor x2  
  64  12:22  Thor x2, Siege Tank  
  82  12:23  Viking x2  
  92  12:30  Refinery  
  92  12:32  SCV x2  
  92  12:33  Refinery, SCV  
  95  12:37  SCV  
  96  12:44  SCV x2  
  98  12:59  Factory x2  
  98  13:01  Factory  
  98  13:02  Factory  
  98  13:03  Terran Vehicle And Ship Armor Level 3  
  98  13:09  Smart Servos  
  98  13:15  SCV x3  
  98  13:16  SCV  
  102  13:27  SCV  
  102  13:28  Orbital Command  
  102  13:33  Thor x2, Command Center  
  115  13:36  Viking  
  117  14:03  Factory Tech Lab x2  
  117  14:04  Factory Tech Lab x2  
  117  14:08  Thor  
  117  14:09  Thor  
  123  14:10  Viking  
  123  14:11  Viking  
  133  14:43  Factory Tech Lab  
  133  14:47  Armory  
  133  14:55  Planetary Fortress  
  133  14:56  Refinery  
  72  16:00  Terran Vehicle Weapons Level 1  
  72  16:01  Terran Ship Weapons Level 1  
  72  16:02  Thor x3  
  72  16:03  Siege Tank  
  72  16:04  Thor x2, Siege Tank x2  
  96  16:06  Viking x5  
  96  16:07  Viking  
  96  16:08  Thor  
  129  16:21  Refinery  
  129  16:34  Factory  
  129  16:36  Factory  
  129  16:40  Factory  
  129  16:41  Factory  
  129  16:49  Starport  
  129  16:50  Starport  
  129  16:51  SCV  
  130  16:59  Supply Depot  
  130  17:00  Supply Depot  
  130  17:01  Supply Depot, Thor  
  130  17:02  Viking, Thor  
  130  17:03  Viking  
  136  17:58  Thor x2  
  119  18:00  Siege Tank  
  119  18:01  Viking, Siege Tank  
  75  19:01  Factory Tech Lab  
  52  19:36  Thor x2  
  52  19:37  Thor  
  64  19:38  Viking x2  
  64  19:45  Terran Vehicle Weapons Level 2, Terran Ship Weapons Level 2  
  66  19:54  Starport Reactor  
  66  19:55  Starport Reactor  
  66  20:16  Viking x2  
  52  20:38  Thor  
  52  20:39  Thor x2  
  70  21:03  Factory, SCV x2  
  72  21:08  Factory x2  
  70  21:15  SCV x2  
Show
View Real Time Build Order
Export as new Build Order

MrFercho Zerg 

Build Orders: Hatch First, Lurkers 

Get SALT Encoding   

  12  0:02  Drone  
  13  0:13  Overlord  
  13  0:34  Drone x3  
  16  1:00  Drone x2  
  18  1:11  Hatchery  
  17  1:20  Spawning Pool  
  17  1:21  Drone x2  
  18  1:41  Extractor, Drone x2  
  19  1:52  Drone  
  20  2:18  Drone x2  
  22  2:27  Queen x2  
  26  2:30  Overlord  
  26  2:32  Overlord  
  26  2:36  Drone x2  
  28  2:48  Drone x2  
  30  2:59  Zergling x4  
  32  3:10  Queen  
  34  3:12  Lair  
  34  3:16  Drone x2  
  34  3:17  Roach Warren, Drone  
  36  3:25  Drone  
  37  3:30  Zergling x2  
  37  3:31  Zergling x2  
  39  4:00  Roach x2  
  39  4:01  Overlord x3  
  43  4:29  Drone x12  
  55  4:36  Hydralisk Den  
  54  4:41  Extractor x2  
  52  4:46  Extractor  
  52  4:47  Drone x2  
  52  4:49  Glial Reconstitution  
  52  4:52  Hatchery  
  52  5:03  Evolution Chamber  
  51  5:09  Drone  
  51  5:10  Drone x3  
  51  5:11  Drone x3  
  51  5:12  Drone  
  59  5:24  Hydralisk x3  
  64  5:50  Spore Crawler  
  61  6:07  Spore Crawler  
  58  6:12  Spine Crawler  
  58  6:13  Spine Crawler  
  56  6:40  Hydralisk x5  
  56  6:43  Overlord x10  
  66  6:48  Zerg Missile Weapons Level 1  
  66  6:53  Evolution Chamber  
  65  6:56  Drone x2  
  67  7:04  Grooved Spines  
  67  7:09  Drone  
  67  7:10  Drone  
  69  7:17  Drone x4  
  73  7:31  Lurker Den  
  72  7:37  Infestation Pit  
  71  7:46  Pneumatized Carapace  
  71  7:58  Hatchery  
  70  8:00  Hatchery  
  69  8:05  Hydralisk  
  69  8:06  Hydralisk x9  
  89  8:16  Muscular Augments  
  88  8:21  Metabolic Boost  
  88  8:27  Baneling Nest  
  86  8:59  Hive  
  86  9:02  Zerg Missile Weapons Level 2, Zerg Ground Armor Level 1  
  86  9:34  Nydus Network  
  85  9:44  Burrow  
  82  9:52  Lurker x2  
  67  9:53  Lurker x3  
  67  9:56  Overlord x4  
  67  9:57  Overlord x3  
  67  9:58  Overlord x2  
  67  9:59  Overlord x5  
  70  10:11  Hatchery  
  69  10:40  Hydralisk x2  
  69  10:41  Hydralisk x10  
  93  10:54  Overseer x2  
  93  11:00  Hydralisk x2  
  97  11:28  Drone  
  97  11:29  Drone x11  
  109  11:33  Drone x4  
  110  11:57  Hydralisk x6  
  110  11:58  Hydralisk x5  
  116  13:13  Hydralisk x14  
  116  13:14  Hydralisk x2  
  83  14:21  Seismic Spines  
  83  14:24  Hatchery  
  83  14:25  Extractor  
  81  14:33  Extractor  
  81  14:36  Lurker  
  81  14:37  Lurker x2  
  81  14:38  Lurker x2  
  85  14:47  Zerg Missile Weapons Level 3  
  85  15:19  Adaptive Talons  
  62  16:37  Drone  
  62  16:38  Drone x20  
  83  17:27  Hatchery  
  82  17:33  Hatchery  
  82  17:34  Extractor x2  
  79  17:38  Extractor  
  79  17:40  Extractor  
  61  17:51  Hydralisk x12  
  81  18:04  Queen  
  33  19:05  Hydralisk x3  
  33  19:06  Hydralisk x5  
  49  20:19  Drone  
  49  20:20  Drone x2  
  52  20:33  Zergling x6  
  55  21:09  Baneling x2  
Show
View Real Time Build Order
Export as new Build Order

tigro Terran 

Build Orders:  

Get SALT Encoding   

  12  0:06  SCV  
  13  0:18  SCV  
  14  0:26  Supply Depot  
  14  0:30  SCV  
  15  0:38  Refinery  
  15  0:48  SCV  
  16  0:54  Barracks  
  16  1:00  SCV  
  17  1:04  Refinery  
  17  1:12  SCV  
  18  1:24  Supply Depot, SCV  
  19  1:36  SCV  
  20  1:43  Marine  
  21  1:56  Barracks  
  21  1:58  SCV  
  21  2:01  Marine  
  23  2:10  SCV  
  24  2:19  Marine  
  26  2:22  SCV  
  26  2:37  Marine  
  26  2:41  Orbital Command  
  27  2:48  Factory  
  27  2:51  Engineering Bay  
  27  2:54  Marine  
  28  3:07  Barracks Reactor  
  28  3:17  Barracks Tech Lab  
  28  3:44  Starport  
  28  3:47  Command Center  
  28  4:13  Factory Tech Lab  
  28  4:15  Combat Shield  
  28  4:25  Medivac  
  28  4:27  Terran Infantry Weapons Level 1  
  28  4:28  Missile Turret  
  30  4:46  Marine  
  30  4:49  Missile Turret  
  31  4:55  Marine  
  32  5:00  Refinery, Starport Tech Lab  
  32  5:03  Siege Tank  
  35  5:12  Missile Turret  
  35  5:14  SCV  
  36  5:26  SCV  
  37  5:34  Concussive Shells  
  37  5:38  SCV  
  38  5:44  Missile Turret  
  38  5:50  SCV  
  39  6:16  Missile Turret  
  39  6:17  Stimpack  
  39  6:24  Terran Infantry Armor Level 1  
  39  6:54  SCV  
  40  7:01  Siege Tank  
  40  7:06  SCV  
  44  7:17  Fusion Core  
  44  7:18  SCV  
  45  7:30  SCV  
  45  7:33  Siege Tank  
  49  7:40  Marine  
  49  7:41  Marine x2  
  49  7:42  SCV  
  49  7:43  Supply Depot  
  53  7:48  Refinery  
  53  7:54  SCV  
  54  7:58  Marine x3  
  57  8:07  SCV  
  57  8:08  Supply Depot  
  57  8:10  Armory  
  58  8:16  Marine x3  
  58  8:18  Neosteel Armor  
  58  8:19  SCV  
  59  8:31  SCV  
  60  8:34  Marine x3  
  63  8:52  Marine  
  64  9:56  Medivac  
  64  9:58  Hi-Sec Auto Tracking  
  66  10:10  Starport  
  66  10:12  Weapon Refit  
  66  10:25  Terran Vehicle Weapons Level 1  
  66  10:26  Battlecruiser  
  66  10:28  Marine x3  
  75  10:45  Marine  
  75  10:46  Marine x2  
  78  10:51  Starport Tech Lab  
  78  10:55  Terran Infantry Weapons Level 2  
  78  11:03  Marine  
  78  11:04  Marine x2  
  81  11:20  Battlecruiser  
  81  11:21  Marine x3  
  90  11:39  Marine  
  91  11:49  Battlecruiser  
  91  11:52  Rapid Reignition System  
  94  12:06  Thor  
  71  12:12  Command Center  
  64  12:24  Marine x3  
  64  12:25  Battlecruiser  
  73  12:42  Marine x3  
  76  12:48  Advanced Ballistics  
  76  12:49  Thor  
  82  12:53  Battlecruiser  
  88  13:00  Marine x3  
  91  13:11  Terran Infantry Armor Level 2  
  91  13:17  Marine  
  91  13:18  Marine x2  
  94  13:25  Refinery  
  94  13:29  Medivac  
  96  13:36  Marine  
  97  13:57  Medivac  
  97  13:59  Battlecruiser  
  105  14:25  Planetary Fortress  
  105  14:37  Marine x3  
  108  14:55  Marine  
  108  14:58  Supply Depot  
  109  15:03  Refinery  
  109  15:19  Marine x2  
  109  15:20  Battlecruiser  
  109  15:21  Supply Depot  
  117  15:26  Marine  
  97  15:36  Battlecruiser  
  97  15:37  Marine x2  
  73  15:43  Supply Depot  
  73  15:44  Marine  
  60  15:55  Marine x2  
  61  16:02  Marine  
  62  16:13  Marine x2  
  64  16:20  Marine  
  64  16:24  Battlecruiser  
  70  16:31  Marine  
  70  16:35  Command Center  
  68  16:40  Battlecruiser  
  74  17:07  Thor  
  80  17:12  Marine x3  
  83  17:28  Battlecruiser  
  89  17:30  Marine x3  
  92  17:44  Battlecruiser  
  92  17:48  Marine x3  
  92  17:50  Thor  
  107  17:57  Refinery  
  101  18:01  Refinery  
  95  18:05  Marine  
  95  18:06  Marine x2  
  98  18:35  Planetary Fortress  
  86  19:10  Medivac  
  86  19:11  Medivac  
  90  19:39  Marine x2  
  90  19:40  Marine  
  90  19:41  Battlecruiser  
  99  19:57  Marine x3  
  94  20:15  Marine x3  
  95  20:33  Marine x3  
  98  20:51  Marine  
  99  21:01  Marine x2  
  99  21:04  Battlecruiser  
  113  21:09  Marine  
  114  21:18  Marine  
  114  21:19  Marine  
  116  21:26  Marine  
  117  21:36  Marine x2  
  101  21:44  Marine  
Show
View Real Time Build Order
Export as new Build Order

TATORREA Protoss 

Build Orders:  

Get SALT Encoding   

  12  0:02  Probe  
  14  0:14  Probe  
  14  0:26  Pylon  
  14  0:30  Probe  
  15  0:44  Probe  
  16  0:54  Gateway  
  16  0:56  Probe  
  17  1:05  Probe  
  17  1:08  Assimilator  
  18  1:13  Probe  
  19  1:22  Probe  
  20  1:26  Pylon  
  20  1:34  Probe  
  21  1:46  Probe  
  21  1:58  Probe  
  22  2:03  Cybernetics Core  
  22  2:11  Probe  
  22  2:12  Nexus  
  22  2:15  Pylon  
  23  2:17  Pylon  
  23  2:23  Probe  
  24  2:34  Assimilator  
  24  2:35  Probe  
  25  2:47  Probe  
  26  2:59  Probe  
  26  3:05  Robotics Facility  
  27  3:11  Probe  
  28  3:23  Gateway, Probe  
  28  3:24  Probe  
  30  3:27  Pylon  
  30  3:28  Stalker  
  30  3:31  Warp Gate  
  32  3:35  Probe  
  32  3:36  Probe  
  34  3:43  Pylon  
  34  3:47  Pylon, Probe  
  35  3:48  Probe  
  35  3:52  Pylon  
  36  3:57  Observer  
  36  3:59  Probe  
  36  4:00  Probe  
  39  4:12  Assimilator, Probe  
  39  4:13  Probe  
  39  4:16  Assimilator  
  41  4:19  Immortal  
  41  4:20  Stalker  
  41  4:24  Probe  
  48  4:25  Stalker, Probe  
  51  4:36  Probe  
  51  4:37  Probe  
  53  4:48  Probe  
  53  4:49  Probe  
  53  4:50  Nexus  
  55  4:58  Pylon  
  55  5:01  Pylon  
  55  5:03  Probe  
  55  5:04  Probe  
  61  5:14  Immortal  
  61  5:15  Probe  
  61  5:16  Probe  
  63  5:27  Probe  
  63  5:28  Probe  
  65  5:36  Robotics Bay  
  65  5:39  Forge  
  65  5:42  Forge  
  65  5:43  Probe x2  
  65  5:48  Stalker x2  
  70  5:53  Probe  
  70  5:55  Probe  
  63  6:01  Probe  
  53  6:06  Probe  
  53  6:07  Probe  
  53  6:09  Probe  
  57  6:19  Probe  
  57  6:20  Probe  
  57  6:21  Probe  
  57  6:24  Protoss Ground Armor Level 1, Protoss Ground Weapons Level 1  
  57  6:25  Stalker x2  
  62  6:31  Probe  
  62  6:32  Probe  
  66  6:33  Probe  
  67  6:43  Probe  
  67  6:44  Probe  
  69  6:47  Probe  
  69  6:52  Extended Thermal Lance  
  70  6:55  Probe  
  70  6:56  Probe  
  70  6:59  Colossus, Probe  
  79  7:07  Probe  
  79  7:08  Probe  
  81  7:09  Stalker  
  81  7:10  Stalker  
  81  7:12  Probe  
  86  7:19  Probe  
  86  7:20  Probe  
  88  7:25  Probe  
  89  7:31  Probe  
  89  7:32  Probe  
  89  7:37  Probe  
  92  7:39  Assimilator  
  92  7:41  Assimilator  
  92  7:43  Probe  
  93  7:44  Stalker x2, Probe  
  98  7:59  Pylon  
  98  8:09  Pylon  
  98  8:11  Forge  
  86  8:14  Twilight Council  
  86  8:19  Probe x3  
  84  8:23  Gateway  
  84  8:24  Stalker x2  
  86  8:27  Gateway  
  86  8:28  Probe  
  86  8:31  Gateway, Probe x2  
  87  8:36  Probe  
  88  8:43  Probe x2  
  88  8:45  Probe  
  91  8:55  Probe x2  
  91  8:57  Probe  
  91  8:58  Photon Cannon  
  91  9:01  Photon Cannon  
  94  9:04  Photon Cannon  
  94  9:07  Probe  
  94  9:08  Pylon, Probe  
  94  9:09  Probe  
  97  9:10  Pylon  
  97  9:13  Photon Cannon  
  97  9:15  Photon Cannon  
  97  9:18  Shield Battery  
  97  9:19  Colossus  
  97  9:20  Probe x2  
  97  9:21  Probe  
  97  9:22  Shield Battery  
  106  9:28  Protoss Shields Level 1  
  106  9:30  Protoss Ground Weapons Level 2  
  106  9:32  Probe x2  
  106  9:33  Protoss Ground Armor Level 2, Probe  
  106  9:38  Stalker  
  111  9:39  Stalker  
  111  9:44  Probe x2  
  115  9:46  Probe  
  116  10:06  Probe x2  
  116  10:07  Probe  
  119  10:14  Pylon  
  119  10:18  Pylon, Probe  
  120  10:21  Pylon  
  120  10:26  Pylon  
  120  10:29  Pylon  
  120  10:32  Nexus  
  119  10:48  Probe x3  
  122  11:00  Probe x3  
  125  11:08  Gateway  
  125  11:09  Gateway x2  
  125  11:12  Gateway  
  125  11:26  Probe x3  
  125  11:27  Gateway  
  125  11:30  Gateway  
  125  11:31  Colossus  
  125  11:32  Gateway  
  134  11:34  Gateway  
  134  11:35  Gateway  
  134  11:37  Gateway  
  134  11:38  Probe x3  
  137  11:41  Gateway  
  137  11:43  Gateway  
  135  11:50  Probe  
  136  11:54  Stalker x3  
  136  11:55  Stalker x2  
  146  12:02  Probe x2  
  146  12:03  Probe x2  
  150  12:12  Assimilator  
  150  12:14  Probe x2  
  150  12:15  Probe  
  147  12:17  Assimilator  
  119  12:24  Colossus  
  119  12:26  Stalker x4  
  119  12:27  Stalker x4  
  119  12:28  Stalker x2  
  145  12:36  Probe x3  
  126  12:48  Probe x3  
  129  12:52  Protoss Ground Weapons Level 3  
  129  12:55  Nexus  
  129  12:58  Protoss Ground Armor Level 3  
  129  13:00  Pylon, Probe x2  
  129  13:04  Protoss Shields Level 2  
  131  13:10  Probe  
  131  13:12  Probe x2  
  133  13:14  Stalker  
  133  13:15  Stalker x5  
  133  13:16  Stalker x5  
  156  13:23  Probe  
  156  13:24  Probe  
  156  13:25  Probe  
  157  13:52  Stalker  
  157  13:53  Stalker x4  
  167  14:09  Stalker x2  
  171  14:10  Stalker x3  
  177  14:25  Colossus  
  183  14:48  Templar Archives  
  180  15:18  Colossus  
  165  15:51  Charge  
  165  15:53  Zealot  
  165  15:54  Zealot x4  
  165  15:55  Zealot x3  
  165  15:56  Zealot x4  
  165  15:57  Zealot x3  
  157  16:04  Protoss Shields Level 3  
  107  16:24  Stalker x4  
  107  16:25  Stalker x2  
  119  16:26  Stalker x5  
  119  16:27  Stalker x4  
  137  16:46  Nexus  
  137  16:48  Pylon  
  137  16:50  Probe  
  137  16:51  Probe  
  137  16:52  Pylon  
  139  17:03  Probe x2  
  141  17:14  High Templar x5  
  141  17:15  Probe, High Templar x4  
  158  17:16  High Templar x2  
  164  17:30  High Templar  
  164  17:31  High Templar x3  
  164  17:34  Archon x2  
  164  17:35  Archon x4  
  164  17:36  Archon  
  172  17:42  Nexus  
  172  17:45  Pylon x2  
  154  18:22  High Templar x3  
  154  18:23  High Templar x5  
  154  18:24  High Templar x4  
  154  18:25  High Templar x3  
  174  18:29  Colossus  
  178  18:38  Archon x5  
  178  18:39  Archon x2  
  175  18:53  Archon  
  175  18:57  Stalker  
  175  18:58  Stalker x2  
  167  19:09  Assimilator  
  159  19:12  Assimilator  
  107  19:39  Nexus  
  107  19:43  Pylon  
  103  19:47  Pylon  
  103  19:50  Assimilator  
  95  19:54  Assimilator  
  87  20:01  Nexus  
  87  20:03  Pylon  
  87  20:06  Pylon  
  83  20:09  Assimilator  
  83  20:12  Assimilator  
  75  20:17  Stalker x4  
  75  20:18  Stalker x4  
  89  20:21  Zealot  
  89  20:22  Zealot x3  
  89  20:23  Zealot x2  
  101  20:58  Probe x4  
  105  21:06  Probe  
  106  21:15  Probe  
  107  21:27  Stalker x2  
  107  21:28  Stalker x4  
  107  21:29  Stalker x4  
  107  21:30  Stalker x3  
  107  21:31  Stalker  
Tags
 
Add a new tag
Caveats
  • Supply blocks, unpowered buildings, or Contaminate may cause inaccurate times.
  • Supply counts are checked every 10 seconds.